 Dungeon Crawl Stone Soup version 0.24-a0-513-g284f782df5 (webtiles) character file.

Game seed: 18117586433220125645

94397 Azzok the Destroyer (level 15, -23/90 HPs)
             Began as a Demonspawn Fire Elementalist on July 20, 2019.
             Was the Champion of Vehumet.
             Killed from afar by a wizard (62 damage)
             ... with a crystal spear
             ... on level 14 of the Dungeon.
             The game lasted 01:11:59 (40002 turns).

Azzok the Destroyer (Demonspawn Fire Elementalist) Turns: 40002, Time: 01:12:00

Health: -23/90     AC: 10    Str: 10    XL:     15   Next: 63%
Magic:  16/32      EV: 22    Int: 22    God:    Vehumet [******]
Gold:   1319       SH:  0    Dex: 13    Spells: 7/41 levels left

rFire    . . .     SeeInvis .   a - staff of conjuration
rCold    . . .     Gourm    .   (no shield)
rNeg     . . .     Faith    +   q - +1 robe {MR+}
rPois    .         Spirit   .   l - +0 helmet
rElec    .         Reflect  .   (no cloak)
rCorr    +         Harm     .   J - +0 pair of gloves
MR       ++...                  G - +0 pair of boots
Stlth    ++........             x - amulet of faith
HPRegen  0.25/turn              o - +4 ring of evasion
MPRegen  0.23/turn              t - +6 ring of evasion

@: no status effects
A: hooves 2, yellow scales 3, demonic guardian 1
a: Renounce Religion


You were on level 14 of the Dungeon.
You worshipped Vehumet.
Vehumet was exalted by your worship.
You were not hungry.

You visited 3 branches of the dungeon, and saw 22 of its levels.
You also visited: Volcano.

You collected 2523 gold pieces.
You spent 1204 gold pieces at shops.

Inventory:

Armour
 l - a +0 helmet (worn)
 q - a +1 robe of magic resistance (worn)
 G - a +0 pair of boots (worn)
 J - a +0 pair of gloves (worn)
Magical Staves
 a - an uncursed staff of conjuration (weapon)
 M - an uncursed staff of wizardry
Jewellery
 k - an uncursed ring of positive energy {unknown}
 o - a +4 ring of evasion (left hand)
 t - a +6 ring of evasion (right hand)
 x - an amulet of faith (around neck)
 C - an uncursed ring of see invisible
 D - an uncursed ring of poison resistance
 N - an uncursed ring of protection from fire
Wands
 f - a wand of iceblast (10)
 m - a wand of scattershot (3)
 n - a wand of digging (10)
 P - a wand of acid (14)
 S - a wand of disintegration (10)
Scrolls
 h - 6 scrolls of teleportation
 i - 7 scrolls of enchant armour
 r - a scroll of acquirement
 s - 7 scrolls of remove curse
 v - a scroll of magic mapping
 w - a scroll of identify
 y - 5 scrolls of amnesia
 z - 2 scrolls of immolation
 I - 2 scrolls of fog
 L - 2 scrolls of fear
 O - 3 scrolls of blinking
 W - 2 scrolls of summoning
Potions
 b - 2 potions of heal wounds
 d - 2 potions of magic
 e - 4 potions of might
 g - 3 potions of cancellation
 j - 7 potions of curing
 p - 4 potions of haste
 u - 4 potions of brilliance
 A - 3 potions of resistance
 B - 2 potions of agility
 F - a potion of mutation {!q}
 Q - a potion of lignification
 T - 2 potions of ambrosia
 V - 3 potions of flight
Miscellaneous
 U - a phial of floods
Comestibles
 c - 7 rations


   Skills:
 - Level 1.7 Dodging
 - Level 1.7 Stealth
 + Level 13.5 Spellcasting
 + Level 14.4 Conjurations
 + Level 13.6 Fire Magic
 + Level 8.1 Earth Magic
 - Level 9.0 Evocations


You had 7 spell levels left.
You knew the following spells:

 Your Spells              Type           Power        Failure   Level  Hunger
a - Flame Tongue          Conj/Fire      #####        0%          1    None
b - Iron Shot             Conj/Erth      #######...   1%          6    #####..
c - Sticky Flame          Conj/Fire      #######.     1%          4    None
d - Fireball              Conj/Fire      #######...   1%          5    ###....
e - Bolt of Magma         Conj/Fire/Erth #######...   1%          5    ###....
f - Orb of Destruction    Conj           #######...   2%          7    ######.
h - Bolt of Fire          Conj/Fire      #######...   1%          6    #####..

Your spell library contained the following spells:

 Spells                   Type           Power        Failure   Level  Hunger
 Ozocubu's Refrigeration  Ice            ##........   82%         6    #####..
 Throw Flame              Conj/Fire      ######       0%          2    None
 Freeze                   Ice            ##..         1%          1    None
 Throw Frost              Conj/Ice       ######       1%          2    None
 Conjure Flame            Conj/Fire      #######.     1%          3    None
 Inner Flame              Hex/Fire       #####...     1%          3    None
 Force Lance              Conj/Tloc      ######..     1%          4    None
 Throw Icicle             Conj/Ice       ######..     1%          4    None
 Irradiate                Conj/Tmut      ######....   1%          5    ###....
 Iskenderun's Battlesphe  Conj/Chrm      ######..     1%          5    ###....
 Venom Bolt               Conj/Pois      ######....   1%          5    ###....
 Confusing Touch          Hex            ##....       4%          1    None
 Leda's Liquefaction      Hex/Erth       ####......   8%          4    None
 Petrify                  Tmut/Erth      ####....     8%          4    None
 Confuse                  Hex            ##......     13%         3    None
 Gell's Gravitas          Tloc           ##........   13%         3    None
 Ozocubu's Armour         Chrm/Ice       ##......     13%         3    None
 Portal Projectile        Hex/Tloc       ##....       13%         3    None
 Yara's Violent Unravell  Hex/Tmut       ##........   28%         5    ###....
 Summon Ice Beast         Ice/Summ       ##......     38%         4    None
 Spellforged Servitor     Conj/Summ      ######....   41%         7    ######.
 Metabolic Englaciation   Hex/Ice        ##........   75%         5    ###....
 Statue Form              Tmut/Erth      ####.....    77%         6    #####..
 Dispersal                Tloc           ##........   100%        6    #####..
 Hydra Form               Tmut           ##........   100%        6    #####..
 Dragon Form              Tmut           ##........   100%        7    ######.
 Controlled Blink         Tloc           N/A          100%        8    #######
 Disjunction              Tloc           ##........   100%        8    #######
 Shatter                  Erth           ######....   100%        9    #######


Dungeon Overview and Level Annotations

Branches:
Dungeon (14/15)            Temple (0/1) D:5            Lair (6/6) D:8
 Shoals (0/4) Lair:4        Snake (0/4) Lair:2        Slime (0/5) Lair:6
    Orc (2/2) D:12            Elf (0/3) Orc:2        Vaults (0/5) D:13

Altars:
Dithmenos
Vehumet
Xom
Beogh

Shops:
D:7 !=:   Orc:2 :*[=:

Annotations:
D:9 1 runed translucent door, Nr616's ghost, novice GnSk


Innate Abilities, Weirdness & Mutations

You have hoof-like feet.
You are completely covered in yellow scales. (AC +4, rCorr)
A weak demonic guardian rushes to your aid.


Message History

Your ufetubus hits the wizard but does no damage.
A wizard is nearby!
Unknown command.
A wizard is nearby!
The wizard burns!
The wizard casts a spell at your ufetubus.
The crystal spear hits your ufetubus!!!
Your ufetubus dies!
The wizard burns!
Casting: Bolt of Fire (safe; 1% risk of failure)
Confirm with . or Enter, or press ? or * to list all spells.
Aiming: Flame Tongue (safe; 0% risk of failure)
Press: ? - help, Shift-Dir - straight line, f/p - wizard
Aim: a wizard, wielding a +0 dagger and wearing a +0 robe (almost dead, fast, covered in liquid flames)
You feel a surge of power!
The flame tongue misses the wizard.
The wizard burns!
The wizard points at you and mumbles some strange words.
The crystal spear hits you!!!
Ouch! That really hurt!
You die...

▒▒▒▒▒▒▒▒▒···
▒··p@·······
▒·▒▒▒▒▒·····
▒)▒ ··· ··▒
· ···▒ ····▒
·····▒
▒▒▒▒··▒ ·▒
▒··▒


You could see a wizard (burning).

Vanquished Creatures
  Saint Roka (Orc:2)
  Rupert (Lair:3)
  Nessos (Lair:5)
  A dire elephant (Lair:4)
  Harold (D:7)
  Erolcha (Orc:2)
  7 hydras
  A vault guard (D:13)
  2 catoblepae
  6 centaur warriors
  2 two-headed ogres
  A hell hog (Volcano)
  6 death yaks (D:8)
  A tengu warrior (D:13)
  Nergalle (Lair:4)
  An orc high priest (Orc:2)
  Sonja (D:11)
  2 fire crabs
  2 unseen horrors
  Pikel (D:4)
  12 deep elf magi (D:12)
  2 oklob plants
  7 ugly things
  4 orc sorcerers (Orc:2)
  A wolf spider (Lair:6)
  2 manticores
  2 centaur zombies
  4 cyclopes
  5 elephants (Lair:4)
  A merfolk siren (Lair:4)
  A guardian serpent (Lair:6)
  6 black mambas
  Joseph (D:7)
  2 molten gargoyles (Volcano)
  A gargoyle (D:14)
  10 spiny frogs
  7 komodo dragons
  A kobold demonologist (D:11)
  2 rime drakes (Lair:6)
  9 polar bears
  A troll (shapeshifter) (D:12)
  3 trolls
  4 slime creatures (D:13)
  17 blink frogs
  Grinder (D:4)
  13 hippogriffs
  A raiju (Lair:6)
  4 hornets
  3 redbacks (Lair:6)
  2 wraiths
  12 wyverns
  Sigmund (D:2)
  11 humans
  24 yaks
  3 hogs (D:7)
  5 fire bats (Volcano)
  2 basilisks
  Grum (D:9)
  3 hungry ghosts
  3 steam dragons
  6 wargs
  4 nagas (Lair:2)
  16 water moccasins
  An acid dragon (D:12)
  17 hell hounds
  6 porcupines
  28 orc warriors
  Duvessa (D:7)
  A sky beast (D:6)
  13 black bears
  5 ice beasts
  2 slaves
  A phantom (D:5)
  7 centaurs
  23 wolves
  4 boggarts (Lair:4)
  9 ogres
  11 crocodiles
  A big kobold (D:12)
  15 bullfrogs
  Dowan (D:7)
  A wyvern skeleton (D:7)
  2 scorpions
  4 killer bees (D:13)
  5 wights (D:8)
  2 electric eels
  5 howler monkeys
  3 lava snakes (Volcano)
  5 crimson imps
  3 jellies
  A bullfrog zombie (D:6)
  31 orc priests
  2 hounds
  A bullfrog skeleton (D:6)
  6 centaur skeletons
  5 iguanas
  47 orc wizards
  8 worker ants
  A hound zombie (D:11)
  Robin (D:4)
  A worker ant zombie (D:8)
  8 gnolls
  A howler monkey skeleton (D:11)
  10 adders
  3 shadow imps
  An adder zombie (D:6)
  An adder skeleton (D:6)
  4 worms
  4 dart slugs
  3 leopard geckos
  92 orcs
  3 giant cockroaches
  17 goblins
  8 hobgoblins
  16 jackals
  11 kobolds
  7 quokkas
  2 ball pythons (D:2)
  6 bats
  3 frilled lizards
  A leopard gecko skeleton (D:5)
  A leopard gecko zombie (D:7)
  A quokka skeleton (D:5)
  10 rats
  2 bushes
  2 fungi (Lair:6)
  8 plants
765 creatures vanquished.

Vanquished Creatures (collateral kills)
  A slime creature (D:13)
1 creature vanquished.

Vanquished Creatures (others)
  A polar bear (Lair:6)
  A human (D:13)
  A slave (D:4)
  A worm (D:2)
  A leopard gecko (D:2)
  6 orcs (D:4)
  A kobold (D:2)
  7 fungi
  37 plants
56 creatures vanquished.

Grand Total: 822 creatures vanquished

Notes
Turn   | Place    | Note
-------+----------+-------------------------------------------
     0 | D:1      | Azzok the Demonspawn Fire Elementalist began the quest for
                  | the Orb.
     0 | D:1      | Reached XP level 1. HP: 13/13 MP: 3/3
   372 | D:1      | Gained mutation: You are partially covered in yellow
                  | scales. (AC +2) [demonic ancestry]
   372 | D:1      | Reached XP level 2. HP: 19/19 MP: 0/5
  1418 | D:2      | Gained mutation: You have large cloven feet. [demonic
                  | ancestry]
  1418 | D:2      | Reached XP level 3. HP: 24/24 MP: 2/6
  1534 | D:2      | Reached skill level 2 in Conjurations
  1872 | D:2      | Found a radiant altar of Vehumet.
  1966 | D:2      | Reached XP level 4. HP: 30/30 MP: 3/8
  1967 | D:2      | Became a worshipper of Vehumet
  2163 | D:2      | Learned a level 3 spell: Conjure Flame
  2168 | D:2      | Learned a level 4 spell: Sticky Flame
  2323 | D:2      | Noticed Sigmund
  3050 | D:3      | Reached XP level 5. HP: 27/35 MP: 5/9
  3165 | D:2      | Killed Sigmund
  3165 | D:2      | Reached skill level 3 in Conjurations
  3165 | D:2      | Reached XP level 6. HP: 30/41 MP: 0/11
  3707 | D:3      | Found a faded altar of an unknown god.
  3879 | D:4      | Noticed a slave
  3879 | D:4      | Noticed a slave
  3879 | D:4      | Noticed a slave
  3883 | D:4      | Noticed a slave
  3884 | D:4      | Noticed Pikel
  3886 | D:3      | Killed a slave
  4225 | D:4      | Noticed Robin
  4228 | D:4      | Killed Robin
  4283 | D:4      | Reached * piety under Vehumet
  4283 | D:4      | Offered knowledge of Sandblast by Vehumet.
  4673 | D:4      | Learned a level 5 spell: Fireball
  4754 | D:4      | Killed a slave
  4756 | D:4      | Killed Pikel
  4756 | D:4      | Reached skill level 5 in Spellcasting
  4756 | D:4      | Reached skill level 5 in Conjurations
  4756 | D:4      | Reached skill level 5 in Fire Magic
  4756 | D:4      | Reached XP level 7. HP: 46/46 MP: 4/14
  4890 | D:4      | Noticed Grinder
  4903 | D:4      | Killed Grinder
  4903 | D:4      | Reached XP level 8. HP: 52/52 MP: 15/15
  5767 | D:5      | Entered Level 5 of the Dungeon
  5937 | D:5      | Found a staircase to the Ecumenical Temple.
  6067 | D:5      | Offered knowledge of Throw Frost by Vehumet.
  6067 | D:5      | Reached skill level 6 in Conjurations
  6067 | D:5      | Reached ** piety under Vehumet
  7240 | D:6      | Reached XP level 9. HP: 41/57 MP: 18/18
  7597 | D:6      | Offered knowledge of Static Discharge by Vehumet.
  7699 | D:6      | Reached skill level 7 in Conjurations
  8226 | D:7      | Found Uzaphast's Distillery.
  8229 | D:7      | Bought a potion of heal wounds for 70 gold pieces
  8229 | D:7      | Bought a potion of degeneration for 14 gold pieces
  8229 | D:7      | Bought a potion of magic for 112 gold pieces
  8229 | D:7      | Bought a potion of lignification for 42 gold pieces
  8229 | D:7      | Bought a potion of brilliance for 56 gold pieces
  8530 | D:7      | Noticed Duvessa
  8535 | D:7      | Found Diong's Jewellery Shop.
  8552 | D:7      | Killed Duvessa
  8555 | D:7      | Noticed Dowan
  8557 | D:7      | Killed Dowan
  8558 | D:7      | Noticed Harold
  8575 | D:7      | Noticed Joseph
  9045 | D:7      | Killed Joseph
  9045 | D:7      | Reached *** piety under Vehumet
  9481 | D:7      | Killed Harold
  9481 | D:7      | Reached skill level 8 in Conjurations
  9756 | D:7      | Found Orche's Book Shoppe.
  9801 | D:7      | Gained mutation: You are mostly covered in yellow scales.
                  | (AC +3) [demonic ancestry]
  9801 | D:7      | Reached XP level 10. HP: 63/63 MP: 22/22
 10217 | D:8      | Found a staircase to the Lair.
 10217 | D:8      | Noticed a death yak
 10217 | D:8      | Noticed a death yak
 10217 | D:8      | Noticed a death yak
 10217 | D:8      | Noticed a death yak
 10217 | D:8      | Noticed a death yak
 10218 | D:8      | Noticed a death yak
 10256 | D:8      | Killed a death yak
 10256 | D:8      | Reached skill level 9 in Conjurations
 10530 | D:8      | Offered knowledge of Ignite Poison by Vehumet.
 11097 | D:8      | Killed a death yak
 11102 | D:8      | Killed a death yak
 11107 | D:8      | Killed a death yak
 11107 | D:8      | Gained mutation: You are completely covered in yellow
                  | scales. (AC +4, rCorr) [demonic ancestry]
 11107 | D:8      | Reached XP level 11. HP: 59/68 MP: 24/24
 11114 | D:8      | Killed a death yak
 11114 | D:8      | Reached skill level 10 in Conjurations
 11121 | D:8      | Killed a death yak
 11121 | D:8      | Reached skill level 1 in Evocations
 11444 | D:8      | Found a shadowy altar of Dithmenos.
 12095 | D:9      | Reached **** piety under Vehumet
 12133 | D:9      | Noticed a two-headed ogre
 12137 | D:9      | Killed a two-headed ogre
 12489 | D:9      | Reached skill level 10 in Fire Magic
 12491 | D:9      | Noticed Grum
 12502 | D:9      | Offered knowledge of Airstrike by Vehumet.
 12508 | D:9      | Killed Grum
 12938 | D:9      | Found a shimmering altar of Xom.
 12938 | D:9      | Noticed a +2 rapier of chaos
 12940 | D:9      | Found a runed translucent door.
 12940 | D:9      | Noticed Nr616's ghost (novice GnSk)
 13104 | D:10     | Entered Level 10 of the Dungeon
 13306 | D:10     | Reached skill level 10 in Spellcasting
 13485 | D:10     | Noticed an unseen horror
 13487 | D:10     | Killed an unseen horror
 13549 | D:10     | Noticed a centaur warrior
 13553 | D:10     | Killed a centaur warrior
 14917 | D:11     | Noticed a four-headed hydra
 14921 | D:11     | Killed a four-headed hydra
 15078 | D:11     | Got an ichor-stained flail
 15132 | D:11     | Noticed Sonja
 15134 | D:11     | Killed Sonja
 15134 | D:11     | Reached skill level 11 in Conjurations
 15134 | D:11     | Gained mutation: You have hoof-like feet. [demonic
                  | ancestry]
 15134 | D:11     | Reached XP level 12. HP: 74/74 MP: 26/26
 15266 | D:11     | Noticed a four-headed hydra
 15270 | D:11     | Killed a four-headed hydra
 15277 | D:11     | Identified the +6 flail of Moderation {crush, rC- Int+4
                  | Dex+2} (You found it on level 11 of the Dungeon)
 15370 | D:11     | Reached skill level 5 in Evocations
 16263 | D:12     | Reached ***** piety under Vehumet
 16506 | D:12     | Offered knowledge of Freezing Cloud by Vehumet.
 17512 | D:12     | Found a staircase to the Orcish Mines.
 18213 | D:12     | Found a roughly hewn altar of Beogh.
 18586 | Lair:1   | Entered Level 1 of the Lair of Beasts
 18617 | Lair:1   | Learned a level 5 spell: Bolt of Magma
 18689 | Lair:1   | Learned a level 7 spell: Orb of Destruction
 18696 | Lair:1   | Learned a level 6 spell: Iron Shot
 18817 | Lair:1   | Reached skill level 12 in Conjurations
 18937 | Lair:1   | Reached XP level 13. HP: 79/79 MP: 28/28
 19234 | Lair:2   | Reached skill level 1 in Earth Magic
 19668 | Lair:2   | Found a staircase to the Snake Pit.
 20439 | Lair:2   | Identified a scroll of acquirement
 20506 | Lair:3   | Found a dark tunnel.
 20516 | Volcano  | Entered a volcano
 21021 | Volcano  | Found a radiant altar of Vehumet.
 21630 | Lair:3   | Noticed Rupert
 22041 | Lair:3   | Killed Rupert
 23173 | Lair:4   | Noticed Nergalle
 23464 | Lair:4   | HP: 2/79 [seven-headed hydra (13)]
 23465 | Lair:4   | Offered knowledge of Iskenderun's Mystic Blast by Vehumet.
 23867 | Lair:4   | Found a staircase to the Shoals.
 24438 | Lair:4   | Killed Nergalle
 25049 | Lair:4   | Noticed a dire elephant
 25070 | Lair:4   | Killed a dire elephant
 25311 | Lair:5   | Noticed Nessos
 25314 | Lair:5   | Killed Nessos
 25314 | Lair:5   | Gained mutation: A weak demonic guardian rushes to your
                  | aid. [demonic ancestry]
 25314 | Lair:5   | Reached XP level 14. HP: 85/85 MP: 18/30
 26489 | Lair:6   | Entered Level 6 of the Lair of Beasts
 26546 | Lair:6   | Reached skill level 13 in Conjurations
 26851 | Lair:6   | Reached skill level 5 in Earth Magic
 26859 | Lair:6   | Offered knowledge of Bolt of Cold by Vehumet.
 28618 | Lair:6   | Found a staircase to the Slime Pits.
 29858 | Lair:6   | Offered knowledge of Conjure Ball Lightning by Vehumet.
 31760 | Orc:1    | Entered Level 1 of the Orcish Mines
 32496 | Orc:1    | Offered knowledge of Bolt of Fire by Vehumet.
 32504 | Orc:1    | Learned a level 6 spell: Bolt of Fire
 32711 | Orc:2    | Entered Level 2 of the Orcish Mines
 33566 | Orc:2    | Reached XP level 15. HP: 90/90 MP: 19/31
 34011 | Orc:2    | Noticed Saint Roka
 34024 | Orc:2    | Found Ureer's Book Shoppe.
 34024 | Orc:2    | Found Jipt's Jewellery Shoppe.
 34027 | Orc:2    | HP: 4/90 [orc wizard/puff of flame (12)]
 34036 | Orc:2    | Reached ****** piety under Vehumet
 34429 | Orc:2    | Found a staircase to the Elven Halls.
 34434 | Orc:2    | Noticed Erolcha
 34439 | Orc:2    | Killed Erolcha
 35097 | Orc:2    | Killed Saint Roka
 35097 | Orc:2    | Reached skill level 14 in Conjurations
 35432 | Orc:2    | Found Xekk's General Store.
 35440 | Orc:2    | Bought a scroll of teleportation for 39 gold pieces
 35440 | Orc:2    | Bought a scroll of identify for 26 gold pieces
 35446 | Orc:2    | Found Mina's Armour Emporium.
 35446 | Orc:2    | Found Tetath's Book Emporium.
 36226 | D:7      | Bought a book of the Earth for 845 gold pieces
 36414 | D:12     | Offered knowledge of Poison Arrow by Vehumet.
 38992 | D:13     | Offered knowledge of Ozocubu's Refrigeration by Vehumet.
 39166 | D:13     | Found a gate to the Vaults.
 40002 | D:14     | Killed from afar by a wizard

Levels and vault maps discovered:
D:1:      dpeg_arrival_ratfight, layout_loops_ring
D:2:      layout_loops_ring, vehumet_crystals, lemuel_flame_loot_1, uniq_sigmund
D:3:      layout_rooms, chequers_ecumenical_altar_island
D:4:      layout_layer_cave, first_ration, uniq_robin, uniq_grinder, uniq_pikel
D:5:      layout_basic, minmay_temple_entry_gardened_gates
D:6:      layout_basic
D:7:      layout_loops_ring, serial_shops, nicolae_shop_crystal,
          nicolae_shop_behind_doors, nicolae_shop_trees, grunt_livestock,
          sigmund_army, uniq_harold, uniq_joseph, uniq_duvessa
D:8:      layout_cave_pods, dpeg_lair_monsters, basic_altar
D:9:      layout_irregular_city, ebering_ghost_xom, uniq_grum
D:10:     kennysheep_spiral_hall, layout_basic
D:11:     layout_grid_maze, st_stairs_8, uniq_sonja
D:12:     layout_stronghold, minmay_orc_entry_temple_small, minmay_fountain_box,
          elves_outpost_lemuel
D:13:     layout_rooms, ximxim_vaults_locker_room, chequers_serial_rivers_room_a
D:14:     layout_irregular_city
Lair:1:   layout_big_grid
Lair:2:   statuecave_lemuel, layout_hall_layers,
          minmay_snake_entry_guardpost_small, minivault_11
Lair:3:   layout_layer_cave, nicolae_volcano_entry_hallway, lemuel_fruit_tree,
          uniq_rupert
Lair:4:   beast_lair_carwin_large_2, layout_gridlike,
          minmay_shoals_entry_lonely_mermaid, kilobyte_rumbling_trees,
          uniq_nergalle
Lair:5:   layout_roguey, grunt_megastairs_4, uniq_nessos
Lair:6:   hangedman_lair_tendril_chambers, layout_hall_layers,
          hangedman_lair_caniforms_friends, minmay_slime_entry_oklob_open,
          portal_ice_cave_rime, chequers_serial_rivers_micro_b,
          nicolae_quartered_pool_super
Orc:1:    layout_caves
Orc:2:    st_orc_mages, layout_diamond_mine, serial_shops, shop, rock_pile,
          uniq_saint_roka, uniq_erolcha

Skill      XL: |  1  2  3  4  5  6  7  8  9 10 11 12 13 14 15 |
---------------+----------------------------------------------+-----
Fire Magic     | 3 4 5 6 8 9 10 11 12 13 | 13.6
Conjurations   | 2 3 5 6 8 9 11 12 13 14 | 14.4
Spellcasting   | 3 5 6 8 9 10 11 12 13 | 13.5
Evocations     | 4 7 8 9 |  9.0
Earth Magic    | 4 6 8 |  8.1
Dodging        | |  1.7
Stealth        | |  1.7

Action                   |  1- 3 |  4- 6 |  7- 9 | 10-12 | 13-15 || total
-------------------------+-------+-------+-------+-------+-------++-------
Melee: Unarmed           |    17 |       |       |       |       ||    17
       Short sword       |     5 |     5 |       |       |       ||    10
       Dagger            |       |       |    19 |   122 |       ||   141
       Staff             |       |       |     5 |     4 |    14 ||    23
       Kick              |       |       |     4 |    20 |       ||    24
 Cast: Flame Tongue      |    67 |   133 |   144 |    99 |   109 ||   552
       Conjure Flame     |       |     3 |       |     2 |       ||     5
       Sticky Flame      |       |     6 |    34 |    39 |    58 ||   137
       Fireball          |       |       |    28 |   201 |   434 ||   663
       Bolt of Magma     |       |       |       |       |    53 ||    53
       Orb of Destructio |       |       |       |       |    60 ||    60
       Bolt of Fire      |       |       |       |       |    12 ||    12
Evoke: Wand              |       |       |     2 |     6 |     6 ||    14
  Use: Scroll            |       |       |     9 |    10 |    17 ||    36
       Potion            |       |       |     2 |     1 |     5 ||     8
  Eat: Chunk             |     4 |     3 |    14 |    47 |    81 ||   149
       Ration            |       |     2 |     4 |     6 |    23 ||    35
Armor: Robe              |    16 |     6 |    10 |    21 |    40 ||    93
       Skin              |       |       |       |     8 |       ||     8
Dodge: Dodged            |    28 |    34 |   100 |   167 |   256 ||   585

Table legend:
 A = Non-vault XP
 B = Vault XP
 C = Vault XP percentage of total XP
 D = Non-vault monster count
 E = Vault monster count
 F = Vault count percentage of total count
                 A         B        C        D         E       F
            +---------+---------+-------+---------+---------+-------
      Total |   66034 |   68820 |  51.0 |     485 |     268 |  35.6
            +---------+---------+-------+---------+---------+-------
        D:1 |      22 |       5 |  18.5 |      12 |       5 |  29.4
        D:2 |      81 |     208 |  72.0 |      21 |       1 |   4.5
        D:3 |     134 |       0 |   0.0 |      23 |       0 |   0.0
        D:4 |     181 |     991 |  84.6 |      14 |      15 |  51.7
        D:5 |     900 |       0 |   0.0 |      34 |       0 |   0.0
        D:6 |     734 |       0 |   0.0 |      18 |       0 |   0.0
        D:7 |     612 |    2700 |  81.5 |      15 |      11 |  42.3
        D:8 |    1523 |    5241 |  77.5 |      20 |       6 |  23.1
        D:9 |    2874 |     546 |  16.0 |      21 |       4 |  16.0
       D:10 |    1632 |    1708 |  51.1 |      24 |       3 |  11.1
       D:11 |    3348 |     860 |  20.4 |      13 |       3 |  18.8
       D:12 |    7506 |    5374 |  41.7 |      45 |      15 |  25.0
       D:13 |   11370 |    2904 |  20.3 |      50 |      11 |  18.0
       D:14 |    7283 |       0 |   0.0 |      19 |       0 |   0.0
     Lair:1 |    2275 |       0 |   0.0 |      12 |       0 |   0.0
     Lair:2 |    3719 |     654 |  15.0 |      14 |       4 |  22.2
     Lair:3 |    2974 |    3008 |  50.3 |      14 |       1 |   6.7
     Lair:4 |    5744 |    5890 |  50.6 |      15 |      15 |  50.0
     Lair:5 |    2398 |    2601 |  52.0 |      10 |       7 |  41.2
     Lair:6 |    7715 |   20619 |  72.8 |      27 |      94 |  77.7
      Orc:1 |    1437 |       0 |   0.0 |      38 |       0 |   0.0
      Orc:2 |    1572 |   11628 |  88.1 |      26 |      59 |  69.4
    Volcano |       0 |    3883 | 100.0 |       0 |      14 | 100.0
            +---------+---------+-------+---------+---------+-------
